 Dungeon Crawl Stone Soup version 0.26.1-2-gb8aa6d0cf2 (webtiles) character file.

Game seed: 4974945096354456818

1214 Ladykiller69 the Carver (level 8, 0/70 HPs)
             Began as a Minotaur Gladiator on Mar 18, 2021.
             Was an Initiate of Wu Jian.
             Slain by Pikel
             ... wielding a +2 whip of electrocution
              (4 damage)
             ... on level 5 of the Dungeon.
             The game lasted 00:06:49 (6143 turns).

Ladykiller69 the Carver (Minotaur Gladiator)        Turns: 6143, Time: 00:06:49

Health: 0/70       AC:  3    Str: 21 (22) XL:     8   Next: 22%
Magic:  7/7        EV: 14    Int:  3 (5)  God:    Wu Jian [......]
Gold:   334        SH:  0    Dex: 10 (11) Spells: 7/7 levels left

rFire    . . .     SeeInvis .   a - +0 long sword
rCold    . . .     Faith    .   (no shield)
rNeg     . . .     Spirit   .   b - +0 leather armour
rPois    .         Reflect  .   c - +0 hat
rElec    .         Harm     .   (no cloak)
rCorr    .         Rampage  .   (no gloves)
Will     .....                  (no boots)
Stlth    +.........             (no amulet)
HPRegen  0.21/turn              (no ring)
MPRegen  0.10/turn              (no ring)

@: mighty
A: retaliatory headbutt, horns 2
a: Renounce Religion


You were on level 5 of the Dungeon.
You worshipped Wu Jian.
Wu Jian was noncommittal.
You visited 1 branch of the dungeon, and saw 5 of its levels.

You collected 334 gold pieces.

Inventory:

Hand Weapons
 a - a +0 long sword (weapon)
Missiles
 d - a throwing net (quivered)
 n - 8 silver javelins
Armour
 b - a +0 leather armour (worn)
 c - a +0 hat (worn)
Jewellery
 p - an uncursed amulet of the acrobat {unknown}
 y - an uncursed ring of protection from cold {unknown}
Scrolls
 g - 10 scrolls of identify {unknown}
 h - a scroll of fear {unknown}
 j - 2 scrolls of amnesia {unknown}
 m - 4 scrolls of enchant weapon {unknown}
 o - 3 scrolls of remove curse {unknown}
 q - 3 scrolls of noise {unknown}
 s - 2 scrolls of teleportation {unknown}
 t - a scroll of fog {unknown}
 v - a scroll of enchant armour {unknown}
 x - a scroll of blinking {unknown}
 C - a scroll of immolation {unknown}
Potions
 e - 2 potions of might
 f - a potion of berserk rage {unknown}
 i - 2 potions of haste {unknown}
 k - 2 potions of heal wounds {unknown}
 l - 2 potions of invisibility {unknown}
 r - 2 potions of lignification {unknown}
 u - 2 potions of curing {unknown}
 w - a potion of ambrosia {unknown}
 z - a potion of flight {unknown}
 A - a potion of mutation {unknown}
 B - 2 potions of brilliance {unknown}
 D - 2 potions of degeneration


   Skills:
 + Level 5.7 Fighting
 * Level 8.3 Long Blades
 - Level 2.0 Throwing
 + Level 5.0 Armour
 + Level 5.8 Dodging


You had 7 spell levels left.
You didn't know any spells.
Your spell library was empty.

Dungeon Overview and Level Annotations

Branches:
Dungeon (5/15)
 Temple: D:4-7

Altars:
Cheibriados
Hepliaklqana
Kikubaaqudgha
Qazlal
Trog
Wu Jian
Xom
Yredelemnul

Annotations:
D:5 Pikel


Innate Abilities, Weirdness & Mutations

You reflexively headbutt those who attack you in melee.
You have a pair of horns on your head.


Message History

You throw a throwing net. The throwing net closely misses Pikel.
The throwing net hits the lemure.
The lemure is caught in the net!
Pikel hits you with a +2 whip of electrocution.
* * * LOW HITPOINT WARNING * * *
The lemure struggles against the net.
The lemure hits you!
* * * LOW HITPOINT WARNING * * *
Throw: throwing net
Press: ? - help, Q - select action, (/) - cycle Shift-Dir - straight line, f/p - Pikel
Aim: Pikel, wielding a +2 whip of electrocution and wearing a +0 robe (heavily wounded, 51% to hit)
Okay, then.
It was a potion of might.
You feel very mighty all of a sudden. Pikel barely misses you.
You furiously retaliate!
You headbutt Pikel!
The lemure struggles against the net.
The lemure completely misses you.
It was a potion of degeneration.
There was something very wrong with that liquid.
You feel weakened.
You feel dopey.
You feel clumsy.
Pikel hits you with a +2 whip of electrocution.
You die...

# .. ... #### ....
#..## ..... #...###
#####...# ..#...####
#5K@5.#
.####....#####5###.#
.# ####....#..### # ##
#............#
####.....#######.55..#
..........## ##5#..
............ 5.
..........# O.
.........##


You could see Pikel and 3 lemures.

Vanquished Creatures
  Prince Ribbit (D:5)
  Grinder (D:3)
  A human (D:2)
  Purgy (D:3)
  A howler monkey (D:4)
  2 orc priests
  A hound (D:4)
  A human zombie (D:2)
  A bullfrog skeleton (D:4)
  A human skeleton (D:2)
  An iguana (D:4)
  Terence (D:2)
  3 orc wizards
  A worker ant (D:4)
  A worker ant zombie (D:5)
  4 gnolls (D:3)
  8 adders
  2 white imps
  5 worms
  A dart slug (D:2)
  4 leopard geckos
  15 orcs
  2 bats
  4 giant cockroaches
  12 goblins
  7 hobgoblins
  3 jackals (D:3)
  A quokka (D:3)
  A ball python skeleton (D:4)
  6 frilled lizards
  4 kobolds
  A leopard gecko skeleton (D:4)
  7 rats
105 creatures vanquished.

Vanquished Creatures (others)
  14 plants (D:3)
14 creatures vanquished.

Grand Total: 119 creatures vanquished

Notes
Turn   | Place    | Note
-------+----------+-------------------------------------------
     0 | D:1      | Ladykiller69 the Minotaur Gladiator began the quest for the
                  | Orb.
     0 | D:1      | Reached XP level 1. HP: 18/18 MP: 0/0
   761 | D:1      | Reached XP level 2. HP: 25/25 MP: 1/1
   929 | D:2      | Reached skill level 4 in Long Blades
   939 | D:2      | Reached skill level 1 in Armour
  1072 | D:2      | Reached XP level 3. HP: 30/30 MP: 2/2
  1293 | D:2      | Noticed Terence
  1307 | D:2      | Killed Terence
  1634 | D:2      | Found a runed translucent door.
  1634 | D:2      | Noticed a human
  1638 | D:2      | Found a basalt altar of Yredelemnul.
  1654 | D:2      | Reached XP level 4. HP: 5/38 MP: 3/3
  2041 | D:2      | Reached skill level 5 in Long Blades
  2503 | D:2      | Killed a human
  2504 | D:2      | Reached XP level 5. HP: 18/46 MP: 4/4
  2504 | D:2      | Reached XP level 6. HP: 21/52 MP: 5/5
  2842 | D:3      | Noticed a moth of wrath
  2847 | D:3      | Found a bloodstained altar of Trog.
  3065 | D:3      | Reached skill level 6 in Long Blades
  3198 | D:3      | Found a shimmering altar of Xom.
  3198 | D:3      | Found an ornate altar of the Wu Jian Council.
  3203 | D:3      | Found a hazy altar of Hepliaklqana.
  3836 | D:4      | Reached XP level 7. HP: 50/60 MP: 6/6
  3924 | D:4      | Reached skill level 5 in Dodging
  4110 | D:4      | Found an ancient bone altar of Kikubaaqudgha.
  4110 | D:4      | Found a stormy altar of Qazlal.
  4110 | D:4      | Found a snail-covered altar of Cheibriados.
  4195 | D:3      | Became a worshipper of the Wu Jian Council
  4503 | D:3      | Reached skill level 7 in Long Blades
  4635 | D:3      | Noticed Purgy
  5105 | D:3      | Killed Purgy
  5106 | D:3      | Reached skill level 5 in Fighting
  5368 | D:3      | Noticed Grinder
  5371 | D:3      | Paralysed by Grinder for 4 turns
  5381 | D:3      | Killed Grinder
  5382 | D:3      | Reached XP level 8. HP: 41/69 MP: 7/7
  5988 | D:5      | Entered Level 5 of the Dungeon
  6012 | D:5      | Noticed Prince Ribbit
  6058 | D:5      | Killed Prince Ribbit
  6059 | D:5      | Reached skill level 8 in Long Blades
  6059 | D:5      | Reached skill level 5 in Armour
  6126 | D:5      | Noticed Pikel
  6141 | D:5      | HP: 3/70 [lemure[Pikel] (7)]
  6143 | D:5      | Slain by Pikel

Illustrated notes

Levels and vault maps discovered:
D:1:      ebering_trefoil_twist, layout_loops_corners
D:2:      layout_basic, dk_yredelemnul_ordeal, uniq_terence
D:3:      layout_loops_ring, tgw_trog, nicolae_overflow_hidden_temple,
          serial_bayou, serial_bayou_pond_c, serial_bayou_pond_a,
          serial_bayou_pond_e, serial_bayou_shore_a, uniq_grinder, uniq_purgy
D:4:      layout_cave_pods, gammafunk_temple_overflow_claw
D:5:      layout_rooms, uniq_prince_ribbit1, uniq_pikel

Skill      XL: |  1  2  3  4  5  6  7  8 |
---------------+-------------------------+-----
Long Blades    | 4 5 6 7 8 |  8.3
Armour         | 1 3 4 5 |  5.0
Fighting       | 3 4 5 |  5.7
Dodging        | 4 5 |  5.8
Throwing       | |  2.0

Action                   |  1- 3 |  4- 6 |  7- 9 || total
-------------------------+-------+-------+-------++-------
Melee: Long sword        |    57 |   101 |   113 ||   271
       Headbutt          |    12 |    22 |    20 ||    54
Throw: Throwing net      |     1 |       |     1 ||     2
Invok: Lunge             |       |       |    15 ||    15
  Use: Potion            |       |       |     2 ||     2
 Stab: Held in net/web   |     1 |       |       ||     1
Armor: Leather armour    |     5 |    14 |    11 ||    30
Dodge: Dodged            |    28 |    80 |    60 ||   168
       Rpst.: Long sword |    10 |    20 |    15 ||    45
